 Dungeon Crawl Stone Soup version 0.30-b1-2-g02819fbbbe (webtiles) character file.

Game seed: 16595940013542829079

613181 redmage the Cloud Mage (level 26, -6/249 HPs)
             Began as a Meteoran Earth Elementalist on July 27, 2023.
             Was the Champion of Sif Muna.
             Mangled by an angel
             ... wielding a +1 sacred scourge of holy wrath
             ... summoned by a seraph
              (8 damage)
             ... in Pandemonium on July 31, 2023.
             The game lasted 07:54:23 (14476 turns).

redmage the Cloud Mage (MeEE)                      Turns: 14476, Time: 07:54:24

Health: -6/249     AC: 35    Str:  9    XL:     26   Next: 83%
Magic:  11/43      EV: 12    Int: 30    God:    Sif Muna [******]
Gold:   431        SH:  0    Dex: 12    Spells: 1/56 levels left

rFire   + . .        a - +2 demon trident (elec)
rCold   + . .        (no shield)
rNeg    + . .        r - melded +5 ring mail of the Old and Reckless {rPois Regen+ rCorr SInv Stlth-}
rPois   ∞            y - +3 helmet of Vuduisus {rCorr}
rElec   +            h - scarf {rC+ rF+}
rCorr   +            P - melded +2 pair of gloves "Hinow" {MP+9}
SInv    +            H - melded +5 pair of boots "Xefamub" {Drain Will+ Str+2 Int+2}
Will    +++..        O - amulet of Vitality {RegenMP++ Regen++}
Stlth   +            L - ring of flight
HPRegen 2.21/turn    B - ring of see invisible
MPRegen 1.08/turn

%: no passive effects
@: statue-form, flying, glowing, studying Ice Magic, very slow
A: slow and powerful, torment resistance 1, boosted hp, sense surroundings 3,
otherworldly, glowing, explore regen, hooves 2, clever 1, clumsy 2, screaming 1,
weak 1, MP-powered wands, noise suppression
}: 9/15 runes: serpentine, barnacled, slimy, silver, abyssal, glowing, magical,
fiery, dark
a: End Transformation, Renounce Religion, Channel Magic, Forget Spell, Divine
Exegesis


You were in Pandemonium.
You worshipped Sif Muna.
Sif Muna was exalted by your worship.
You were a living statue of rough stone.
You visited 9 branches of the dungeon, and saw 44 of its levels.
You visited Pandemonium 3 times, and saw 18 of its levels.
You visited the Abyss 2 times.
You also visited: Ossuary and Bailey.

You collected 2994 gold pieces.
You spent 2563 gold pieces at shops.

Inventory:

Hand Weapons
 a - a +2 demon trident of electrocution (weapon)
 v - a +3 sacred scourge of holy wrath
 C - the +7 spear "Hystrufok" {speed, rElec rC+ Str-2 Dex+3}
   (You took it off a kobold in a bailey)

   Str:       It affects your strength (-2).
   Dex:       It affects your dexterity (+3).
   rC:        It protects you from cold.
   rElec:     It insulates you from electricity.
 G - the +7 great mace "Undeadhunter" {deathbane, rN+}
   (You took it off a yaktaur captain on level 5 of the Vaults)

   rN:        It protects you from negative energy.
Missiles
 n - 5 silver boomerangs
 u - 13 boomerangs (quivered)
 w - 3 curare-tipped darts
Armour
 h - a scarf of resistance (worn)
 p - an orb of energy
 r - the +5 ring mail of the Old and Reckless (melded) {rPois Regen+ rCorr SInv Stlth-}
   (You found it on level 5 of the Dungeon)

   rPois:     It protects you from poison.
   SInv:      It lets you see invisible.
   Regen:     It increases your rate of health regeneration.
   rCorr:     It protects you from acid and corrosion.
   Stlth:     It makes you less stealthy.
 x - a +1 kite shield of reflection
 y - the +3 helmet of Vuduisus (worn) {rCorr}
   (You bought it in a shop on level 5 of the Dungeon)

   rCorr:     It protects you from acid and corrosion.
 H - the +5 pair of boots "Xefamub" (melded) {Drain Will+ Str+2 Int+2}
   (You bought it in a shop on level 1 of the Snake Pit)

   Str:       It affects your strength (+2).
   Int:       It affects your intelligence (+2).
   Drain:     It drains your maximum health when unequipped.
   Will:      It increases your willpower.
 P - the +2 pair of gloves "Hinow" (melded) {MP+9}
   (You found it on level 4 of the Snake Pit)

   MP:        It affects your magic capacity (+9).
Magical Staves
 e - a staff of fire
 f - a staff of cold
 j - a staff of earth
 s - the staff of conjuration "Modaasue" {Will+ Str+3 Int+2}
   (You found it on level 5 of the Vaults)

   [staff of conjuration]

   Base accuracy: +5 Base damage: 5 Base attack delay: 1.2 This weapon's minimum
   attack delay (0.6) is reached at skill level 12.
   Str:       It affects your strength (+3).
   Int:       It affects your intelligence (+2).
   Will:      It increases your willpower.
   It falls into the 'Staves' category.
   It is a one-handed weapon.
Jewellery
 z - the ring of Riupueho {rN+ Will+ Str+3}
   (You found it in Pandemonium)

   [ring of positive energy]

   Str:       It affects your strength (+3).
   rN:        It protects you from negative energy.
   Will:      It increases your willpower.
 B - a ring of see invisible (right fist)
 L - a ring of flight (left fist)
 O - the amulet of Vitality (around neck) {RegenMP++ Regen++}
   (You took it off a yaktaur captain on level 5 of the Vaults)

   [amulet of magic regeneration]

   It increases your rate of magic regeneration.
   Regen:     It increases your rate of health regeneration.
 V - a +5 ring of evasion
Wands
 K - a wand of digging (5)
 M - a wand of roots (10)
 Z - a wand of acid (13)
Scrolls
 c - 4 scrolls of teleportation
 g - 5 scrolls of enchant weapon
 q - 4 scrolls of enchant armour
 t - 2 scrolls of immolation
 E - 3 scrolls of blinking
 F - a scroll of poison
 N - 2 scrolls of fear
 Q - 5 scrolls of magic mapping
 T - 4 scrolls of identify
Potions
 b - 2 potions of magic
 d - 7 potions of curing
 i - 2 potions of ambrosia
 k - 4 potions of attraction
 l - 9 potions of flight
 m - 8 potions of might
 o - 2 potions of brilliance
 A - 2 potions of cancellation
 D - a potion of heal wounds
 S - a potion of resistance
 X - 7 potions of haste
Miscellaneous
 J - a phial of floods
 U - a phantom mirror


   Skills:
 - Level 7.5 Fighting
 - Level 9.2 Polearms
 - Level 10.3 Armour
 - Level 2.4 Dodging
 - Level 1.4 Stealth
 - Level 15.0 Shields
 - Level 15.5 Spellcasting
 - Level 22.0 Conjurations
 - Level 14.2 Necromancy
 - Level 7.5 Translocations
 - Level 12.7 Transmutations
 - Level 22.4 Air Magic
 + Level 21.6 Earth Magic
 - Level 4.2 Poison Magic
 - Level 11.6 Invocations


You had one spell level left.
You knew the following spells:

 Your Spells              Type           Power      Damage    Failure   Level
a - Sandblast             Erth           100%       2d20      0%          1
b - Passwall              Tmut/Erth      75%        N/A       0%          2
c - Lehudib's Crystal Sp  Conj/Erth      50%        10d12     1%          8
d - Freezing Cloud        Conj/Ice/Air   42%        6-21      1%          5
e - Borgnjor's Vile Clut  Necr/Erth      46%        N/A       1%          5
f - Animate Dead          Necr           83%        N/A       1%          4
g - Maxwell's Capacitive  Air            51%        ∞         1%          8
h - Apportation           Tloc           100%       N/A       1%          1
i - Shatter               Erth           50%        3d38*     28%         9
w - Statue Form           Tmut/Erth      60%        N/A       1%          6
x - Blink                 Tloc           100%       N/A       1%          2
z - Passage of Golubria   Tloc           62%        N/A       1%          4

Your spell library contained the following spells:

 Spells                   Type           Power      Damage    Failure   Level
 Kiss of Death            Conj/Necr      100%       2d13      0%          1
 Magic Dart               Conj           100%       1d8       0%          1
 Necrotise                Necr           100%       1d9       0%          1
 Shock                    Conj/Air       100%       1d9       0%          1
 Foxfire                  Conj/Fire      100%       2x1d9     1%          1
 Freeze                   Ice            92%        1d9       1%          1
 Slow                     Hex            92%        N/A       1%          1
 Summon Small Mammal      Summ           92%        N/A       1%          1
 Cigotuvi's Dreadful Rot  Necr/Pois/Air  100%       N/A       0%          2
 Momentum Strike          Conj/Tloc      100%       3d10      0%          2
 Poisonous Vapours        Pois/Air       100%       N/A       0%          2
 Searing Ray              Conj           100%       2d8       0%          2
 Static Discharge         Conj/Air       100%       2-7/arc   0%          2
 Sublimation of Blood     Necr           83%        N/A       0%          2
 Wereblood                Tmut           79%        N/A       0%          2
 Mephitic Cloud           Conj/Pois/Air  88%        N/A       0%          3
 Stone Arrow              Conj/Erth      100%       3d13      0%          3
 Swiftness                Air            100%       N/A       0%          3
 Vhi's Electric Charge    Tloc/Air       100%       N/A       0%          3
 Airstrike                Air            51%        2d(8-24)  0%          4
 Arcjolt                  Conj/Air       51%        1d61      0%          5
 Iskenderun's Battlesphe  Conj           100%       2d15      0%          5
 Lee's Rapid Deconstruct  Erth           50%        3d24*     0%          5
 Lesser Beckoning         Tloc           100%       N/A       1%          2
 Dazzling Flash           Conj/Hex       100%       N/A       1%          3
 Gell's Gravitas          Tloc           62%        N/A       1%          3
 Hailstorm                Conj/Ice       74%        3d15      1%          3
 Portal Projectile        Hex/Tloc       90%        N/A       1%          3
 Spider Form              Tmut/Pois      65%        N/A       1%          3
 Teleport Other           Tloc           62%        N/A       1%          3
 Vampiric Draining        Necr           83%        2d11      1%          3
 Volatile Blastmotes      Fire/Tloc      90%        2d17      1%          3
 Anguish                  Hex/Necr       30%        N/A       1%          4
 Animate Armour           Summ/Erth      100%       N/A       1%          4
 Dispel Undead            Necr           83%        3d27      1%          4
 Flame Wave               Conj/Fire      74%        2d16      1%          4
 Fulminant Prism          Conj/Hex       37%        3d17      1%          4
 Ice Form                 Ice/Tmut       57%        N/A       1%          4
 Iskenderun's Mystic Bla  Conj/Tloc      84%        2d17      1%          4
 Leda's Liquefaction      Hex/Erth       36%        N/A       1%          4
 Manifold Assault         Tloc           62%        N/A       1%          4
 Petrify                  Tmut/Erth      90%        N/A       1%          4
 Summon Lightning Spire   Summ/Air       74%        N/A       1%          4
 Agony                    Necr           83%        N/A       1%          5
 Alistair's Intoxication  Tmut/Pois      43%        N/A       1%          5
 Blade Hands              Tmut           39%        N/A       1%          5
 Fireball                 Conj/Fire      37%        3d15      1%          5
 Irradiate                Conj/Tmut      45%        3d26      1%          5
 Silence                  Hex/Air        37%        N/A       1%          5
 Conjure Ball Lightning   Conj/Air       51%        3x3d18    1%          6
 Death Channel            Necr           41%        N/A       1%          6
 Iron Shot                Conj/Erth      50%        9d10      1%          6
 Orb of Destruction       Conj           51%        9d13      1%          7
 Storm Form               Tmut/Air       45%        N/A       1%          7
 Call Imp                 Summ           46%        N/A       3%          2
 Ensorcelled Hibernation  Hex/Ice        46%        N/A       3%          2
 Olgreb's Toxic Radiance  Pois           48%        N/A       3%          4
 Plasma Beam              Fire/Air       37%        2x1d55    3%          6
 Starburst                Conj/Fire      37%        6d11      3%          6
 Yara's Violent Unravell  Hex/Tmut       28%        3d12      4%          5
 Frozen Ramparts          Ice            46%        1d7       6%          3
 Ozocubu's Armour         Ice            23%        N/A       6%          3
 Tukima's Dance           Hex            23%        N/A       6%          3
 Dragon Form              Tmut           39%        N/A       9%          7
 Eringya's Noxious Bog    Tmut/Pois      32%        N/A       10%         6
 Summon Forest            Summ/Tloc      22%        N/A       12%         5
 Dispersal                Tloc           31%        N/A       14%         6
 Simulacrum               Ice/Necr       30%        N/A       16%         6
 Spellforged Servitor     Conj/Summ      37%        N/A       19%         7
 Summon Ice Beast         Ice/Summ       23%        N/A       21%         4
 Chain Lightning          Conj/Air       51%        3d68      22%         9
 Borgnjor's Revivificati  Necr           41%        N/A       36%         8
 Infestation              Necr           41%        N/A       36%         8
 Necromutation            Tmut/Necr      40%        N/A       45%         8
 Metabolic Englaciation   Hex/Ice        11%        N/A       50%         5
 Haunt                    Necr/Summ      30%        N/A       65%         7
 Disjunction              Tloc           31%        N/A       99%         8
 Death's Door             Necr           41%        N/A       99%         9
 Ozocubu's Refrigeration  Ice            11%        4d10      100%        7
 Summon Hydra             Summ           11%        N/A       100%        7
 Discord                  Hex            11%        N/A       100%        8
 Ignition                 Fire           11%        3d5       100%        8


Dungeon Overview and Level Annotations

Branches:
Dungeon (15/15) Zot: 5595  Temple (1/1) D:7 Zot: 583    Lair (5/5) D:9 Zot: 1742
 Shoals (4/4) Lair:3 Zot: 1824   Snake (4/4) Lair:3 Zot: 721   Slime (5/5) Lair:5 Zot: 2520
    Orc (1/2) D:9 Zot: 596  Vaults (5/5) D:13 Zot: 963  Depths (4/4) D:15 Zot: 929
    Zot (0/5) Depths:4    Ossuary (visited)          Bailey (visited)
  Crypt: Vaults:2-3

Altars:
Ashenzari
Cheibriados
Elyvilon
Fedhas
Gozag
Nemelex Xobeh
Qazlal
Ru
Sif Muna
Trog
Uskayaw
Vehumet
Xom
Yredelemnul
The Shining One
Jiyva
Lugonu

Shops:
D:5 [(?   D:14 :[   Snake:1 **[[   Snake:3 (*   Snake:4 (   Depths:4 ?

Portals:
Hell: Depths:2 Depths:3
Abyss: Depths:1 Depths:3
Pandemonium: Depths:2 Depths:3
Ziggurat: Depths:2

Annotations:
D:5 1 transporter, Vill's ghost, novice MiBe
D:9 exclusion: upstairs, Erica
D:10 exclusion: upstairs
D:11 exclusion: upstairs
D:12 exclusion: upstairs
D:15 exclusion: upstairs
Lair:3 1 runed translucent door, Setanta's ghost, journeyman GnFi
Shoals:2 3 runed translucent doors, LLlMATKO's ghost, adept MiBe
Depths:1 1 runed translucent door, WeeknightWizard's ghost, veteran DEFE


Innate Abilities, Weirdness & Mutations

You are a living statue of rough stone.
Your actions are slow, but your melee attacks are powerful.
You are resistant to unholy torment.
Your maximum health is greatly increased.
You are immune to poison.
Your equipment is partially melded.
You passively map a large area around you.
You are easily found by Zot.
You glow in the dark.
You regain HP and MP as you explore.
You have hoof-like feet.
Your mind is acute. (Int +4, Str/Dex -1)
You are very clumsy. (Dex -4)
You occasionally shout uncontrollably at your foes.
You are weak. (Str -2)
You expend magic power (3 MP) to strengthen your wands.
You passively dampen the noise of your surroundings.


Message History

The cherub is engulfed in freezing vapours.
The cherub sings a powerful hymn!
The angels go into a battle-frenzy!
The angel hits you with a +1 whip of holy wrath!
The angel hits you but does no damage.
The seraph hits you with a +6 great sword of flaming!!!
The seraph burns you.
The seraph hits you with a +6 great sword of flaming!
The angel hits you with a +1 sacred scourge of holy wrath!
The angel closely misses you.
Casting: Borgnjor's Vile Clutch (safe; 1% risk of failure)
Confirm with . or Enter, or press ? or * to list all spells.
You begin accumulating electric charge. (Press . to continue charging.)
You feel charge building up...
The zombie hands constrict the seraph, but do no damage.
The angel hits you with a +1 whip of holy wrath!
The angel hits you but does no damage.
The seraph hits you with a +6 great sword of flaming!!
The seraph burns you. The seraph misses you.
The angel hits you with a +1 sacred scourge of holy wrath!
* * * LOW HITPOINT WARNING * * *
The angel hits you but does no damage.
An angel comes into view. It is wielding a +2 whip of holy wrath.
The cherub is engulfed in freezing vapours.
The cherub shoots an arrow.
The arrow hits you but does no damage.
The cherub's lion-head roars!
The angel hits you with a +1 whip of holy wrath!
* * * LOW HITPOINT WARNING * * *
The angel hits you but does no damage.
The seraph hits you with a +6 great sword of flaming!!
* * * LOW HITPOINT WARNING * * *
The seraph burns you.
* * * LOW HITPOINT WARNING * * *
The seraph hits you with a +6 great sword of flaming!!
* * * LOW HITPOINT WARNING * * *
The seraph burns you.
* * * LOW HITPOINT WARNING * * *
The angel hits you with a +1 sacred scourge of holy wrath!
You die...

* , #..≈≈≈.#*~ , , * ,,,
#......# ~ , , ,,
#..###'######* **** * , ,
#..#/($##≈≈≈## * * * * ,
#..#!()#8≈...## # , ,
#..######≈....#,..# , , ,
, ,*#/.##≈≈#8≈....#...# ,
,,, #..##.A##§§...A.8..,,
, , *#..##A8§A§§.).A....
,, , ,, ,
#..##^A##A§§...A... * ,
#..##.)#8≈......... , ,
#..##..##≈≈≈≈≈≈≈≈≈≈ ~ ,
*#..##..###8#8#8#8#8* ,
#..##..###############*
,, #..##..A..............
,,
,,*#..##........8.....8..
#..##........)........,


You could see a seraph (strong, clutched), 3 angels and 2 cherubim.

Vanquished Creatures
  Cerebov (Pan)
  the Royal Jelly (Slime:5)
  Gloorx Vloq (Pan)
  Lom Lobon (Pan)
  Mnoleg (Pan)
  3 pandemonium lords (Pan)
  A golden dragon (Depths:3)
  2 bone dragons (Abyss:3)
  A Tzitzimitl (Pan)
  3 Brimstone Fiends (Pan)
  Jorgrun (Snake:1)
  3 tentacled monstrosities
  2 Hell Sentinels (Pan)
  4 hellephants
  A walking earthen tome (Depths:1)
  3 liches
  4 titans (Vaults:5)
  Asterion (Vaults:1)
  18 Executioners
  10 tentacled starspawn
  An eldritch tentacle (Abyss:4)
  3 sphinxes
  6 acid blobs
  Agnes (Snake:1)
  Frances (Snake:2)
  2 shadow dragons
  7 tengu reavers
  2 nagarajas (Snake:4)
  Donald (Snake:1)
  A daeva (Pan)
  3 rockslimes
  6 storm dragons
  4 azure jellies
  A demonspawn warmonger (Pan)
  A fire giant (Vaults:5)
  5 deep elf sorcerers
  3 frost giants
  A curse skull (Pan)
  An iron dragon (Vaults:5)
  An orc warlord (Vaults:4)
  13 balrugs
  6 vault wardens
  A draconian annihilator (Pan)
  8 cacodemons (Pan)
  A ghost moth (Abyss:3)
  3 war gargoyles (Vaults:5)
  A draconian scorcher (Depths:4)
  A spriggan defender (Depths:2)
  11 angels (Pan)
  5 quicksilver oozes
  2 ironbound thunderhulks (Vaults:1)
  4 ironbound preservers
  5 demonspawn blood saints (Pan)
  14 very ugly things
  2 vampire knights (Depths:2)
  16 stone giants
  A reaper (Pan)
  8 ophanim (Pan)
  A starflower (Abyss:4)
  A green draconian (Depths:4)
  2 apis (Pan)
  3 demonspawn black suns (Pan)
  2 deep elf annihilators
  6 lorocyprocas
  18 dire elephants
  A yellow draconian (Depths:4)
  4 blizzard demons (Pan)
  2 deep elf death magi (Vaults:5)
  9 green deaths
  A merfolk javelineer (Shoals:4)
  5 fire dragons
  6 ettins
  28 slime creatures
  2 deep elf high priests (Vaults:5)
  4 great orbs of eyes
  4 yaktaur captains
  3 hydras (Lair:5)
  18 vault guards (Vaults:5)
  An entropy weaver (Vaults:5)
  A salamander tyrant (Snake:4)
  4 ice dragons
  2 spriggan air magi
  3 rakshasas
  2 merfolk avatars
  2 ironbound frosthearts (Vaults:2)
  4 boulder beetles
  An ogre mage (D:13)
  4 hell beasts (Pan)
  3 merfolk aquamancers
  11 centaur warriors
  9 anacondas
  4 two-headed ogres (D:13)
  A satyr (Shoals:3)
  7 thrashing horrors
  2 deep troll earth magi
  3 tengu warriors
  8 naga warriors
  2 death yaks (Shoals:4)
  9 naga sharpshooters
  An orc high priest (Abyss:4)
  2 deep troll shamans
  2 spriggan berserkers
  7 hell hogs
  7 hell knights
  7 soul eaters
  8 shock serpents
  4 shadow wraiths
  10 sun demons (Pan)
  2 wretched stars (Abyss:4)
  6 iron trolls
  5 sea snakes
  5 glowing orange brains
  8 salamander mystics
  13 sixfirhies
  9 deep trolls
  5 cherubim (Pan)
  5 shadow demons (Pan)
  A flayed ghost (Vaults:5)
  A lindwurm (shapeshifter) (Depths:4)
  A naga ritualist (Snake:3)
  A bunyip skeleton (Pan)
  An orb spider (Abyss:4)
  10 wizards
  5 harpies
  5 ironbound convokers
  An ugly thing zombie (Depths:2)
  2 orc knights (Vaults:4)
  3 phantasmal warriors
  Pikel (D:9)
  2 lindwurms (Snake:4)
  13 starcursed masses
  6 necromancers
  3 mana vipers
  A wolf spider (shapeshifter) (Vaults:5)
  33 ugly things
  2 wolf spiders
  5 shining eyes
  36 large abominations
  A manticore (D:12)
  A hell hog zombie (Depths:3)
  6 fauns
  2 cyclopes (Shoals:4)
  A moth of wrath (shapeshifter) (Depths:2)
  3 worldbinders
  2 rust devils
  14 salamanders
  An elephant (Lair:5)
  4 demonic crawlers (Pan)
  3 merfolk sirens
  11 black mambas
  2 water nymphs (Shoals:4)
  8 naga magi
  14 smoke demons
  7 guardian serpents
  11 cane toads
  11 vault sentinels
  A rime drake (Lair:5)
  12 orange demons
  2 eyes of devastation
  A komodo dragon (D:11)
  A dire elephant skeleton (Pan)
  3 hellions (Pan)
  4 tormentors (Pan)
  2 efreet (Pan)
  2 freezing wraiths
  5 yaktaurs
  An unseen horror zombie (D:10)
  2 ice devils
  7 ancient zymes
  2 tengu conjurers
  3 hellwings (Pan)
  8 merfolk
  4 red devils
  3 trolls
  4 hornets
  A wind drake (Shoals:2)
  3 snapping turtles (Shoals:4)
  A harpy skeleton (Pan)
  A tyrant leech (shapeshifter) (Depths:2)
  4 blink frogs (Abyss:4)
  10 raiju
  3 flying skulls (Abyss:4)
  6 wyverns
  16 yaks
  A vampire (Abyss:4)
  2 wraiths
  8 ynoxinuls
  3 shadows
  5 water elementals
  5 basilisks
  5 golden eyes
  19 chaos spawn
  6 vampire mosquitoes
  A black mamba skeleton (Pan)
  A redback (Lair:5)
  16 neqoxecs
  A tengu zombie (Depths:3)
  10 water moccasins
  21 nagas
  2 floating eyes
  8 orc warriors
  A naga skeleton (Pan)
  An ice beast (D:6)
  A black bear (shapeshifter) (Vaults:5)
  A boggart (shapeshifter) (Vaults:5)
  An ogre (D:5)
  15 wolves
  19 centaurs
  3 lemures (D:9)
  A kobold brigand (D:9)
  2 elf zombies (Ossuary)
  A bullfrog (D:8)
  A gnoll sergeant (D:6)
  7 small abominations
  2 scorpions (D:5)
  4 killer bees (D:10)
  3 electric eels (D:6)
  2 howler monkeys
  4 crimson imps (Pan)
  3 quasits
  4 centaur zombies (D:10)
  5 human zombies
  A hound (D:6)
  4 orc priests
  2 gnoll boudas
  3 sleepcaps
  2 iguanas (D:5)
  5 orc wizards
  2 mummies (Ossuary)
  10 gnolls
  5 adders
  A shadow imp (D:4)
  5 white imps
  An ufetubus (D:6)
  2 adder zombies (Ossuary)
  A dart slug (D:5)
  29 orcs
  2 bats
  4 endoplasms
  2 giant cockroaches
  7 goblins
  5 hobgoblins
  8 kobolds
  2 quokkas (D:5)
  A ball python (D:1)
  2 frilled lizards (D:1)
  2 goblin zombies (Ossuary)
  6 hobgoblin zombies (Ossuary)
  2 jackal zombies (Ossuary)
  5 kobold zombies (Ossuary)
  9 orc zombies (Ossuary)
  2 rat zombies (Ossuary)
  A fire vortex (Pan)
  2 lurking horrors
  3 starspawn tentacles (Abyss:4)
1204 creatures vanquished.

Vanquished Creatures (collateral kills)
  A golden dragon (Vaults:5)
  A bone dragon (Depths:4)
  A hellephant (Depths:3)
  A tentacled monstrosity (Vaults:5)
  A titan (Vaults:5)
  A lich (Vaults:5)
  An acid blob (Slime:5)
  Polyphemus (Shoals:4)
  2 tengu reavers (Vaults:5)
  A storm dragon (Vaults:5)
  A frost giant (Vaults:5)
  3 fire giants
  An iron dragon (Vaults:5)
  2 vault wardens (Vaults:5)
  Aizul (Snake:1)
  3 angels (Pan)
  A war gargoyle (Vaults:4)
  4 ironbound preservers
  3 stone giants
  2 very ugly things (Depths:4)
  A deep elf annihilator (Vaults:5)
  9 dire elephants
  A deep elf high priest (Vaults:5)
  A fire dragon (Depths:2)
  An ettin (Vaults:5)
  A merfolk impaler (Shoals:4)
  A crystal guardian (Vaults:4)
  A blizzard demon (Depths:2)
  3 yaktaur captains (Vaults:5)
  6 vault guards (Vaults:5)
  A hydra (Lair:5)
  A peacekeeper (Vaults:4)
  A catoblepas (Shoals:4)
  A salamander tyrant (Snake:4)
  A rakshasa (Depths:3)
  An alligator snapping turtle (Shoals:4)
  An alligator (shapeshifter) (Vaults:1)
  A satyr (Shoals:4)
  2 naga warriors (Snake:4)
  3 anacondas
  2 deep troll shamans (Depths:1)
  2 death yaks
  A hell hog (Depths:3)
  A merfolk aquamancer (Shoals:4)
  A soul eater (Pan)
  A hell knight (Depths:4)
  2 shock serpents
  A spriggan berserker (Depths:4)
  A naga sharpshooter (Snake:1)
  An iron troll (Depths:4)
  A salamander mystic (Snake:4)
  A sixfirhy (Pan)
  A quicksilver dragon simulacrum (Abyss:4)
  A skyshark (Shoals:1)
  3 deep trolls
  A naga ritualist (Snake:4)
  3 ironbound convokers (Vaults:1)
  A phantasmal warrior (Depths:2)
  A glowing orange brain (Depths:4)
  A lindwurm (Snake:4)
  2 mana vipers (Snake:4)
  8 harpies
  2 orc knights (Vaults:5)
  7 ugly things
  2 fauns (Shoals:4)
  5 salamanders
  A shining eye (Slime:4)
  5 black mambas
  2 guardian serpents
  2 elephants (Lair:5)
  2 merfolk sirens (Shoals:4)
  A water nymph (Shoals:4)
  2 naga magi
  A torpor snail (Lair:5)
  A cane toad (Lair:5)
  A rime drake (Lair:5)
  A yaktaur (Vaults:5)
  A freezing wraith (Vaults:5)
  3 human zombies (Vaults:5)
  A meliai (shapeshifter) (Vaults:5)
  A polar bear (shapeshifter) (Vaults:5)
  A merfolk (Shoals:4)
  13 slime creatures
  2 dream sheep (Shoals:4)
  2 snapping turtles
  2 water elementals (Shoals:4)
  2 yaks (Lair:5)
  3 neqoxecs (Pan)
  A redback (Lair:5)
  A vampire mosquito (D:12)
  A large abomination (Pan)
  A warg (Vaults:5)
  5 nagas
  5 water moccasins (Lair:5)
  2 orc warriors (Vaults:5)
  5 centaurs
  A bullfrog (shapeshifter) (Vaults:5)
  An orc priest (Vaults:5)
  An iguana (shapeshifter) (Vaults:5)
  A small abomination (Abyss:3)
  3 orcs (Vaults:5)
  3 ball lightnings (Vaults:5)
204 creatures vanquished.

Vanquished Creatures (others)
  An eldritch tentacle (Pan)
  An acid blob zombie (Slime:5)
  6 very ugly thing zombies
  A blizzard demon (Pan)
  2 azure jelly zombies (Slime:5)
  3 storm dragon zombies (Vaults:5)
  A sixfirhy (Pan)
  2 titan zombies (Vaults:5)
  3 anaconda zombies (Snake:4)
  3 spriggan zombies
  A golden dragon zombie (Vaults:5)
  An ogre zombie (Vaults:1)
  5 tengu zombies
  A wolf spider zombie (Vaults:5)
  A shadow dragon zombie (Depths:4)
  18 ugly thing zombies
  5 stone giant zombies
  6 hell hog zombies
  2 apis zombies (Pan)
  A fire giant zombie (Depths:1)
  2 iron dragon zombies (Vaults:5)
  A frost giant zombie (Depths:2)
  3 demonspawn zombies (Pan)
  8 orc zombies
  8 dire elephant zombies
  A shock serpent zombie (Snake:2)
  A black mamba (Snake:4)
  8 elf zombies
  A minotaur zombie (Vaults:1)
  29 human zombies
  A yellow draconian zombie (Depths:4)
  2 sea snake zombies
  5 harpy zombies (Shoals:4)
  6 guardian serpent zombies
  2 fire dragon zombies (Depths:2)
  An ice dragon zombie (Depths:4)
  A moth of wrath zombie (Depths:2)
  4 ettin zombies
  5 black mamba zombies
  2 slime creature zombies
  A large abomination (Pan)
  16 salamander zombies
  8 deep troll zombies
  2 faun zombies (Shoals:4)
  A merfolk zombie (Shoals:1)
  A water nymph zombie (Shoals:4)
  A hornet zombie (Lair:5)
  2 lindwurm zombies (Snake:4)
  2 blink frog zombies (Abyss:4)
  15 naga zombies
  3 vampire mosquito zombies
  7 yaktaur zombies
  A cyclops zombie (Shoals:4)
  A water moccasin zombie (Lair:5)
  A wyvern zombie (Lair:5)
  A polar bear zombie (Vaults:5)
  2 yak zombies (Lair:5)
  4 raiju zombies (Abyss:3)
  A troll zombie (Vaults:5)
  A basilisk zombie (Abyss:3)
  7 centaur zombies
  A boggart zombie (Vaults:5)
  An iguana zombie (Vaults:5)
  41 ball lightnings (Vaults:5)
  A bush (Abyss:4)
  2 demonic plants
  106 fungi
  261 plants
  16 starspawn tentacles
  3 withered plants (D:10)
665 creatures vanquished.

Grand Total: 2073 creatures vanquished

Notes
Turn   | Place    | Note
-------+----------+-------------------------------------------
     0 | D:1      | redmage the Meteoran Earth Elementalist began the quest for
                  | the Orb.
     0 | D:1      | Reached XP level 1. HP: 14/14 MP: 5/5
    83 | D:1      | Reached XP level 2. HP: 20/20 MP: 6/6
   116 | D:1      | Learned a level 2 spell: Passwall
   296 | D:5      | Entered Level 5 of the Dungeon
   296 | D:5      | Found Ximup's Antique Armour Emporium.
   296 | D:5      | Found Juar's Weapon Emporium.
   296 | D:5      | Found Jublinothra's Magic Scroll Emporium.
   377 | D:4      | Found a sand-covered staircase.
   382 | Ossuary  | Entered an ossuary
   395 | Ossuary  | Reached XP level 3. HP: 26/26 MP: 6/8
   400 | Ossuary  | Learned a level 3 spell: Stone Arrow
   455 | Ossuary  | Reached skill level 1 in Conjurations
   503 | Ossuary  | Reached XP level 4. HP: 30/33 MP: 7/9
   515 | Ossuary  | Reached XP level 5. HP: 22/38 MP: 2/10
   536 | Ossuary  | Reached skill level 5 in Earth Magic
   557 | Ossuary  | Reached XP level 6. HP: 31/45 MP: 1/11
   713 | D:5      | Found a transporter.
   755 | D:5      | Found a radiant altar of Vehumet.
   864 | D:5      | Reached skill level 5 in Conjurations
   864 | D:5      | Reached XP level 7. HP: 50/50 MP: 10/13
   938 | D:5      | Noticed a water moccasin
   942 | D:5      | Killed a water moccasin
   948 | D:5      | Identified the +5 ring mail of the Old and Reckless {rPois
                  | Regen+ rCorr SInv Stlth-}
   961 | D:5      | HP: 1/50 [sleepcap (12)]
  1038 | D:5      | Found a glowing drain.
  1180 | D:5      | Reached XP level 8. HP: 57/57 MP: 11/15
  1197 | D:5      | Reached skill level 1 in Armour
  1241 | D:5      | Noticed Vill's ghost (novice MiBe)
  1302 | D:6      | Found a bloodstained altar of Trog.
  1302 | D:6      | Found a sparkling altar of Nemelex Xobeh.
  1303 | D:6      | Found a shimmering altar of Xom.
  1459 | D:6      | Gained mutation: You passively map the area around you.
                  | [Meteoran growth]
  1459 | D:6      | Reached XP level 9. HP: 62/62 MP: 10/16
  1541 | D:7      | Found a staircase to the Ecumenical Temple.
  1551 | Temple   | Entered the Ecumenical Temple
  1559 | Temple   | Became a worshipper of Sif Muna the Loreminder
  1636 | D:8      | Reached skill level 1 in Invocations
  1724 | D:9      | Reached skill level 5 in Spellcasting
  1742 | D:10     | Entered Level 10 of the Dungeon
  1816 | D:10     | Reached skill level 5 in Transmutations
  1826 | D:10     | Reached * piety under Sif Muna
  1832 | D:10     | Reached skill level 5 in Invocations
  1832 | D:10     | Reached XP level 10. HP: 57/69 MP: 2/19
  1837 | D:10     | Reached skill level 5 in Armour
  1898 | D:9      | Found a staircase to the Orcish Mines.
  1937 | D:9      | Found a broken altar of Ashenzari.
  1968 | Orc:1    | Entered Level 1 of the Orcish Mines
  1968 | Orc:1    | Noticed an orc sorcerer
  1981 | D:9      | Noticed Erica
  1996 | D:9      | Learned a level 3 spell: Mephitic Cloud
  2055 | D:9      | Reached skill level 1 in Air Magic
  2055 | D:9      | Reached skill level 1 in Poison Magic
  2067 | D:9      | Found a staircase to the Lair.
  2086 | D:9      | Noticed Pikel
  2094 | D:9      | Killed Pikel
  2117 | D:10     | Reached XP level 11. HP: 74/74 MP: 15/21
  2122 | D:10     | Reached skill level 5 in Air Magic
  2128 | D:10     | Reached ** piety under Sif Muna
  2151 | D:10     | Found a flagged portal.
  2165 | Bailey   | Entered a bailey
  2226 | Bailey   | Learned a level 5 spell: Borgnjor's Vile Clutch
  2235 | Bailey   | Reached skill level 1 in Necromancy
  2243 | Bailey   | Identified the +7 spear "Hystrufok" {speed, rElec rC+ Str-2
                  | Dex+3}
  2645 | D:5      | Bought a spiked helmet for 266 gold pieces
  2645 | D:5      | Identified the +3 helmet of Vuduisus {rCorr} (You bought it
                  | in a shop on level 5 of the Dungeon)
  2738 | D:7      | Found a glowing golden altar of the Shining One.
  2781 | Lair:1   | Entered Level 1 of the Lair of Beasts
  2849 | Lair:3   | Reached skill level 5 in Necromancy
  2904 | Lair:3   | Found a staircase to the Snake Pit.
  2913 | Lair:3   | Reached *** piety under Sif Muna
  2936 | Lair:3   | Found a runed translucent door.
  2936 | Lair:3   | Found a shimmering altar of Xom.
  2936 | Lair:3   | Noticed Setanta's ghost (journeyman GnFi)
  2936 | Lair:3   | Identified the +1 broad axe of the Stopping Pill Bug
                  | {chaos, MP+9 Str+4 SInv Stlth+}
  2936 | Lair:3   | Noticed a +1 broad axe of the Stopping Pill Bug {chaos,
                  | MP+9 Str+4 SInv Stlth+}
  2969 | Lair:3   | Found a staircase to the Shoals.
  3059 | Lair:5   | Entered Level 5 of the Lair of Beasts
  3067 | Lair:5   | Noticed a black mamba
  3075 | Lair:5   | Killed a black mamba
  3084 | Lair:5   | Noticed a five-headed hydra
  3103 | Lair:5   | Reached XP level 12. HP: 60/81 MP: 0/22
  3125 | Lair:5   | Killed a five-headed hydra
  3159 | Lair:5   | Noticed a boulder beetle
  3167 | Lair:5   | Killed a boulder beetle
  3168 | Lair:5   | Reached skill level 10 in Earth Magic
  3172 | Lair:5   | Noticed a seven-headed hydra
  3196 | Lair:5   | Killed a seven-headed hydra
  3202 | Lair:5   | Reached skill level 10 in Necromancy
  3211 | Lair:5   | Learned a level 4 spell: Animate Dead
  3285 | Lair:5   | Reached **** piety under Sif Muna
  3286 | Lair:5   | Reached XP level 13. HP: 30/86 MP: 3/23
  3408 | Lair:5   | Noticed a five-headed hydra
  3414 | Lair:5   | Killed a five-headed hydra
  3477 | Lair:5   | Noticed an eight-headed hydra
  3482 | Lair:5   | Killed an eight-headed hydra
  3521 | Lair:5   | Noticed a death yak
  3543 | Lair:5   | Killed a death yak
  3678 | Lair:5   | Found a viscous altar of Jiyva.
  3679 | Lair:5   | Found a staircase to the Slime Pits.
  3721 | Snake:1  | Entered Level 1 of the Snake Pit
  3732 | Snake:1  | Found Panax's Assorted Antiques.
  3732 | Snake:1  | Found Ysiy's Antique Armour Shoppe.
  3740 | Snake:1  | Bought a transparent scale mail for 198 gold pieces
  3740 | Snake:1  | Identified the +4 scale mail of the Ego {rF+ Slay+3} (You
                  | bought it in a shop on level 1 of the Snake Pit)
  3740 | Snake:1  | Bought a pair of crude boots for 209 gold pieces
  3740 | Snake:1  | Identified the +5 pair of boots "Xefamub" {Drain Will+
                  | Str+2 Int+2} (You bought it in a shop on level 1 of the
                  | Snake Pit)
  3757 | Snake:1  | Bought a scroll labelled XEAMAG GUIN for 45 gold pieces
  3760 | Snake:1  | Noticed Donald
  3769 | Snake:1  | Found Paxoxi's Assorted Antiques.
  3817 | Snake:1  | Killed Donald
  3818 | Snake:1  | Reached skill level 1 in Fighting
  3911 | Snake:1  | Noticed Aizul
  3935 | Snake:1  | Noticed an anaconda
  3944 | Snake:1  | Killed an anaconda
  3944 | Snake:1  | Killed Aizul
  3945 | Snake:1  | Reached skill level 1 in Polearms
  3945 | Snake:1  | Reached XP level 14. HP: 87/99 MP: 3/24
  3946 | Snake:1  | Noticed Jorgrun
  3973 | Snake:1  | Killed Jorgrun
  4042 | Snake:1  | Found Zulalid's Armour Boutique.
  4071 | Snake:1  | Reached ***** piety under Sif Muna
  4085 | Snake:1  | Received a gift from Sif Muna
  4086 | Snake:1  | Got Samnotouc's Dissertation on Puissant Mortification {god
                  | gift}
  4098 | Snake:2  | Noticed Frances
  4104 | Snake:2  | Killed Frances
  4105 | Snake:2  | Reached skill level 10 in Conjurations
  4114 | Snake:2  | Your ally Frances died
  4157 | Snake:2  | Learned a level 2 spell: Blink
  4192 | Snake:2  | HP: 2/104 [salamander mystic/+0 scimitar (14)]
  4258 | Snake:1  | Noticed Agnes
  4270 | Snake:1  | Killed Agnes
  4297 | Snake:1  | Your ally Agnes died
  4358 | Snake:2  | Reached skill level 5 in Fighting
  4362 | Snake:2  | Reached skill level 5 in Polearms
  4374 | Snake:2  | Reached XP level 15. HP: 42/113 MP: 24/28
  4500 | Snake:3  | Found Zaplau's Weapon Emporium.
  4527 | Snake:3  | Reached skill level 10 in Invocations
  4595 | Snake:4  | Entered Level 4 of the Snake Pit
  4704 | Snake:4  | Reached skill level 1 in Shields
  4713 | Snake:4  | Found Gyokepnius's Weapon Boutique.
  4746 | Snake:4  | Identified the +2 pair of gloves "Hinow" {MP+9}
  4776 | Snake:4  | Reached skill level 1 in Translocations
  4779 | Snake:4  | Noticed a nagaraja
  4787 | Snake:4  | Killed a nagaraja
  4893 | Snake:4  | Reached skill level 10 in Spellcasting
  4893 | Snake:4  | Reached XP level 16. HP: 60/123 MP: 22/31
  4918 | Snake:4  | Reached skill level 5 in Shields
  4963 | Snake:4  | Reached skill level 10 in Armour
  4988 | Snake:4  | Noticed a nagaraja
  5010 | Snake:4  | Killed a nagaraja
  5041 | Snake:4  | Received a gift from Sif Muna
  5044 | Snake:4  | Got Sif Muna's Grimoire of Blasted Teratogeny {god gift}
  5105 | Snake:4  | Learned a level 6 spell: Iron Shot
  5160 | Snake:4  | Learned a level 6 spell: Statue Form
  5230 | Snake:4  | Got a serpentine rune of Zot
  5257 | Snake:3  | Found Foothu's Assorted Antiques.
  5260 | Snake:3  | Bought a pink potion for 22 gold pieces
  5260 | Snake:3  | Bought a large bone ring for 125 gold pieces
  5422 | Shoals:1 | Entered Level 1 of the Shoals
  5543 | Shoals:1 | Reached XP level 17. HP: 128/128 MP: 32/32
  5586 | Shoals:2 | Found a runed translucent gate.
  5588 | Shoals:2 | Found a runed translucent gate.
  5588 | Shoals:2 | Noticed LLlMATKO's ghost (adept MiBe)
  5589 | Shoals:2 | Found a runed translucent gate.
  5647 | Shoals:4 | Entered Level 4 of the Shoals
  5653 | Shoals:4 | Noticed Polyphemus
  5729 | Shoals:4 | Reached skill level 10 in Transmutations
  5736 | Shoals:4 | Killed Polyphemus
  5792 | Shoals:4 | Received a gift from Sif Muna
  5797 | Shoals:4 | Got Sif Muna's Codex of the Amorphous Voyage {god gift}
  5818 | Shoals:4 | Got a barnacled rune of Zot
  6278 | D:13     | Found a gate to the Vaults.
  6283 | Vaults:1 | Entered Level 1 of the Vaults
  6428 | Vaults:1 | Gained mutation: You passively map a large area around you.
                  | [Meteoran growth]
  6428 | Vaults:1 | Reached XP level 18. HP: 64/137 MP: 14/33
  6443 | Vaults:1 | Noticed Asterion
  6462 | Vaults:1 | Killed Asterion
  6641 | Vaults:1 | Your ally Asterion died
  6703 | Vaults:1 | Found a crumbling gateway.
  6911 | Vaults:1 | Glimpsed the power of Zot.
  7023 | Vaults:2 | Received a gift from Sif Muna
  7027 | Vaults:2 | Got Kooguveg's Codex of Ectoplasm and Kinetic Energy {god
                  | gift}
  7097 | Vaults:2 | Identified the +2 robe of Zeugholl {+Blink rElec Dex+3}
  7106 | Vaults:2 | Identified the +3 plate armour "Yschofeof" {+Inv rF+}
  7138 | Vaults:3 | Learned a level 6 spell: Conjure Ball Lightning
  7190 | Vaults:4 | Identified the +3 leather armour of Impressiveness {Str+2
                  | Stlth+}
  7273 | Vaults:5 | Entered Level 5 of the Vaults
  7289 | Vaults:5 | Reached XP level 19. HP: 131/146 MP: 35/35
  7309 | Vaults:5 | Noticed a lich
  7327 | Vaults:5 | Killed a lich
  7344 | Vaults:5 | Noticed a lich
  7348 | Vaults:5 | Noticed a titan
  7363 | Vaults:5 | Got the Encyclopedia of the Vacuum
  7383 | Vaults:5 | Identified the +1 dagger of Severance {venom, rCorr Str+2
                  | Int+4}
  7418 | Vaults:5 | Identified the +1 flail of the Fox {vamp, rElec rC- Will+++
                  | rCorr}
  7420 | Vaults:5 | Reached skill level 10 in Air Magic
  7495 | Vaults:5 | Killed a lich
  7520 | Vaults:5 | Noticed a golden dragon
  7529 | Vaults:5 | Killed a golden dragon
  7560 | Vaults:5 | Reached skill level 15 in Conjurations
  7596 | Vaults:5 | Received a gift from Sif Muna
  7605 | Vaults:5 | Got Sif Muna's Secrets of the Conjured Traveller {god gift}
  7633 | Vaults:5 | Reached XP level 20. HP: 120/152 MP: 2/36
  7857 | Vaults:5 | Reached skill level 15 in Air Magic
  7908 | Vaults:5 | Noticed a tentacled monstrosity
  7913 | Vaults:5 | Noticed a tentacled monstrosity
  7929 | Vaults:5 | Killed a tentacled monstrosity
  7936 | Vaults:5 | Killed a tentacled monstrosity
  8210 | Vaults:5 | Identified the staff of conjuration "Modaasue" {Will+ Str+3
                  | Int+2}
  8225 | Vaults:5 | Got a silver rune of Zot
  8505 | D:13     | Found a stormy altar of Qazlal.
  8543 | D:14     | Found Xeminask's Armour Boutique.
  8555 | D:14     | Reached XP level 21. HP: 159/159 MP: 26/37
  8578 | D:14     | Received a gift from Sif Muna
  8579 | D:14     | Got Sif Muna's Information on Hypothermia {god gift}
  8586 | D:14     | Learned a level 5 spell: Freezing Cloud
  8633 | D:14     | Found Tuce's Book Shoppe.
  8636 | D:14     | Bought a book of the Moon for 640 gold pieces
  8636 | D:14     | Bought the Unrestrained Analects for 736 gold pieces
  8641 | D:14     | Learned a level 4 spell: Passage of Golubria
  8653 | D:15     | Entered Level 15 of the Dungeon
  8679 | D:15     | Reached skill level 5 in Translocations
  8720 | D:15     | Found a staircase to the Depths.
  8824 | Depths:1 | Entered Level 1 of the Depths
  8959 | Depths:1 | Found a one-way gate to the infinite horrors of the Abyss.
  8993 | Depths:1 | Found a runed translucent door.
  8993 | Depths:1 | Noticed WeeknightWizard's ghost (veteran DEFE)
  9006 | Depths:1 | Learned a level 8 spell: Maxwell's Capacitive Coupling
  9271 | Depths:2 | Found a gateway to Hell.
  9279 | Depths:2 | Received a gift from Sif Muna
  9339 | Depths:2 | Found a one-way gate leading to the halls of Pandemonium.
  9377 | Depths:2 | Noticed a hellephant
  9387 | Depths:2 | Reached XP level 22. HP: 136/166 MP: 11/40
  9489 | D:14     | Learned a level 1 spell: Apportation
  9675 | Slime:1  | Entered Level 1 of the Pits of Slime
  9796 | Slime:5  | Entered Level 5 of the Pits of Slime
  9798 | Slime:5  | Gained mutation: You are partially covered in iridescent
                  | scales. (AC +2) [a shining eye]
  9888 | Slime:5  | Noticed the Royal Jelly
  9896 | Slime:5  | Killed the Royal Jelly
  9951 | Slime:4  | Received a gift from Sif Muna
  9953 | Slime:4  | Got Sif Muna's Tome of Gases and Talus {god gift}
 10003 | Slime:5  | Gained mutation: You are vulnerable to heat. (rF-) [a
                  | shining eye]
 10032 | Slime:5  | Got a slimy rune of Zot
 10035 | Slime:5  | Identified the staff of cold "Gebu" {Drain Fly rPois rC+}
 10040 | Slime:5  | Identified the +6 long sword of Wounding {holy, rF+ rN+}
 10050 | Slime:5  | Identified the +8 hand axe "Demonslayer" {heavy, Int+2
                  | Stlth+}
 10509 | Depths:2 | Found a one-way gateway to a ziggurat.
 10512 | Depths:2 | Found an opulent altar of Gozag.
 10674 | Depths:3 | Reached XP level 23. HP: 172/172 MP: 40/42
 10686 | Depths:3 | Found a corrupted altar of Lugonu.
 10696 | Depths:3 | Noticed a golden dragon
 10703 | Depths:3 | Killed a golden dragon
 10722 | Depths:3 | Reached skill level 10 in Shields
 10733 | Depths:3 | Received a gift from Sif Muna
 10734 | Depths:3 | Got Sif Muna's Anthology of the Vitriolic Excursion {god
                  | gift}
 10772 | Depths:4 | Entered Level 4 of the Depths
 10846 | Depths:4 | Found Itsugo's Magic Scroll Shoppe.
 10854 | Depths:4 | Bought a scroll of blinking for 105 gold pieces
 10854 | Depths:4 | Bought 2 scrolls of amnesia for 112 gold pieces
 10854 | Depths:4 | Bought a scroll of enchant armour for 105 gold pieces
 10925 | Depths:4 | Noticed a bone dragon
 10946 | Depths:4 | Killed a bone dragon
 10947 | Depths:4 | Found the +9 sword of Power {lifebolt}
 10950 | Depths:4 | Found a gate to the Realm of Zot.
 10962 | Depths:4 | Reached ****** piety under Sif Muna
 11038 | Depths:3 | Voluntarily entered the Abyss.
 11285 | Abyss:3  | Reached skill level 15 in Spellcasting
 11383 | Abyss:3  | Noticed a bone dragon
 11391 | Abyss:3  | Killed a bone dragon
 11406 | Abyss:3  | Received a gift from Sif Muna
 11407 | Abyss:3  | Got Sif Muna's Parchment of Amassed Chilblains {god gift}
 11433 | Abyss:3  | Noticed a bone dragon
 11459 | Abyss:3  | Killed a bone dragon
 11487 | Abyss:4  | Found a corrupted altar of Lugonu.
 11487 | Abyss:4  | Found a corrupted altar of Lugonu.
 11496 | Abyss:4  | Reached XP level 24. HP: 179/179 MP: 43/43
 11591 | Abyss:4  | Found a corrupted altar of Lugonu.
 11615 | Abyss:4  | Found a corrupted altar of Lugonu.
 11679 | Abyss:4  | Found a corrupted altar of Lugonu.
 11684 | Abyss:4  | Found a corrupted altar of Lugonu.
 11832 | Abyss:4  | Found a corrupted altar of Lugonu.
 11848 | Abyss:4  | Found a corrupted altar of Lugonu.
 11881 | Abyss:4  | Found a corrupted altar of Lugonu.
 11914 | Abyss:4  | Got an abyssal rune of Zot
 11929 | Depths:3 | Escaped the Abyss
 11981 | Depths:3 | Learned a level 9 spell: Chain Lightning
 11983 | Pan      | Entered Pandemonium
 11984 | Pan      | Noticed Weph the pandemonium lord
 12004 | Pan      | Killed Weph the pandemonium lord
 12004 | Pan      | Received a gift from Sif Muna
 12019 | Depths:3 | Escaped Pandemonium
 12042 | Pan      | Entered Pandemonium
 12140 | Pan      | Noticed Kueloi the pandemonium lord
 12149 | Pan      | Identified the +0 robe of the Gloaming {rC+ SInv}
 12347 | Pan      | Found an exit through the horrors of the Abyss.
 12401 | Pan      | Noticed Ticu the pandemonium lord
 12505 | Pan      | Entered the realm of Cerebov.
 12584 | Pan      | Reached XP level 25. HP: 185/185 MP: 43/43
 12624 | Pan      | Identified the ring of Riupueho {rN+ Will+ Str+3}
 12695 | Pan      | Found the +6 sword of Cerebov {flame}
 12695 | Pan      | Noticed Cerebov
 12706 | Pan      | Killed Cerebov
 12707 | Pan      | Reached skill level 15 in Shields
 12735 | Pan      | Identified the +4 rapier "Spiderbane" {flame, rF- MP+9
                  | Str+3 SInv}
 12736 | Pan      | Identified the +0 pair of boots of Happy Babbling {Str-5
                  | Int+2 Dex+2}
 12764 | Pan      | Got a fiery rune of Zot
 12932 | Pan      | Noticed Momieq the pandemonium lord
 12939 | Pan      | Killed Momieq the pandemonium lord
 12961 | Pan      | Entered the realm of Mnoleg.
 13034 | Pan      | Received a gift from Sif Muna
 13035 | Pan      | Got Sif Muna's Notes on Solid Evil {god gift}
 13048 | Pan      | Learned a level 9 spell: Shatter
 13058 | Pan      | Learned a level 8 spell: Lehudib's Crystal Spear
 13071 | Pan      | Reached skill level 15 in Earth Magic
 13077 | Pan      | Gained mutation: You occasionally shout uncontrollably at
                  | your foes. [a cacodemon]
 13117 | Pan      | Gained mutation: Your magical capacity is low. (-10% MP) [a
                  | neqoxec]
 13204 | Pan      | Noticed Mnoleg
 13218 | Pan      | Killed Mnoleg
 13222 | Pan      | Gained mutation: Your body sometimes deteriorates upon
                  | taking damage. [a neqoxec]
 13223 | Pan      | Gained mutation: You have hidden genetic defects. [a
                  | neqoxec]
 13260 | Pan      | Lost mutation: Your body sometimes deteriorates upon taking
                  | damage. [potion of mutation]
 13260 | Pan      | Lost mutation: You are partially covered in iridescent
                  | scales. (AC +2) [potion of mutation]
 13260 | Pan      | Gained mutation: You frequently scream uncontrollably at
                  | your foes. [potion of mutation]
 13260 | Pan      | Gained mutation: Your spells are a little easier to cast,
                  | but a little less powerful. [potion of mutation]
 13260 | Pan      | Gained mutation: You are weak. (Str -2) [potion of
                  | mutation]
 13260 | Pan      | Gained mutation: You are agile. (Dex +4, Str/Int -1)
                  | [potion of mutation]
 13276 | Pan      | Lost mutation: You are vulnerable to heat. (rF-) [potion of
                  | mutation]
 13276 | Pan      | Lost mutation: Your spells are a little easier to cast, but
                  | a little less powerful. [potion of mutation]
 13276 | Pan      | Gained mutation: You have large cloven feet. [potion of
                  | mutation]
 13276 | Pan      | Gained mutation: You have hoof-like feet. [potion of
                  | mutation]
 13276 | Pan      | Gained mutation: You passively dampen the noise of your
                  | surroundings. [potion of mutation]
 13276 | Pan      | Gained mutation: Your mind is acute. (Int +4, Str/Dex -1)
                  | [potion of mutation]
 13335 | Pan      | Got a glowing rune of Zot
 13338 | Pan      | Lost mutation: Your magical capacity is low. (-10% MP)
                  | [potion of mutation]
 13338 | Pan      | Lost mutation: You frequently scream uncontrollably at your
                  | foes. [potion of mutation]
 13338 | Pan      | Lost mutation: You are agile. (Dex +4, Str/Int -1) [potion
                  | of mutation]
 13338 | Pan      | Gained mutation: You expend magic power (3 MP) to
                  | strengthen your wands. [potion of mutation]
 13469 | Pan      | Entered the realm of Gloorx Vloq.
 13562 | Pan      | Gained mutation: You are clumsy. (Dex -2) [hidden defects]
 13627 | Pan      | Noticed Gloorx Vloq
 13632 | Pan      | Killed Gloorx Vloq
 13633 | Pan      | Reached XP level 26. HP: 144/192 MP: 17/43
 13642 | Pan      | Got a dark rune of Zot
 13655 | Pan      | Received a gift from Sif Muna
 13656 | Pan      | Got Sif Muna's Tome of Friendly Spellbinding {god gift}
 13685 | Pan      | Noticed Ututiena the pandemonium lord
 13700 | Pan      | Found an exit through the horrors of the Abyss.
 13799 | Pan      | Took an exit into the Abyss.
 13799 | Abyss:4  | Escaped into the Abyss
 13814 | Depths:3 | Escaped the Abyss
 13816 | Pan      | Entered Pandemonium
 13886 | Pan      | Gained mutation: You are very clumsy. (Dex -4) [hidden
                  | defects]
 13886 | Pan      | Lost mutation: You have hidden genetic defects. [hidden
                  | defects expressed]
 13887 | Pan      | Noticed Bejoko the pandemonium lord
 13894 | Pan      | Killed Bejoko the pandemonium lord
 13919 | Pan      | Entered the realm of Lom Lobon.
 13976 | Pan      | Identified the +0 pair of boots of Pusu {rElec rF+ rN+}
 14055 | Pan      | Noticed Lom Lobon
 14058 | Pan      | Killed Lom Lobon
 14104 | Pan      | Got a magical rune of Zot
 14181 | Pan      | Noticed Cimekhliso the pandemonium lord
 14295 | Pan      | Received a gift from Sif Muna
 14463 | Pan      | Noticed a seraph
 14476 | Pan      | HP: 3/249 [seraph/+6 great sword of flaming (19)]
 14476 | Pan      | Mangled by an angel

Illustrated notes

Levels and vault maps discovered:
D:1:      psy_arrival_terrarium, layout_loops_ring,
          hangedman_abyss_or_decor_stabs, corner_web_ring
D:2:      layout_basic
D:3:      layout_loops_cross, kennysheep_crisscross, serial_bayou_pond_e
D:4:      layout_loops_corners, enter_ossuary_2, minmay_manual_mess
D:5:      minmay_evil_eye, layout_basic, lemuel_doored_altar,
          gammafunk_ghost_mausoleum, portal_sewer_entry_f,
          nicolae_shop_distant_corner_stores
D:6:      layout_loops_ring, gammafunk_temple_overflow_claw, serial_bayou,
          serial_bayou_lake_a, serial_bayou_lagoon_b, serial_bayou_shore_b,
          serial_bayou_crossing
D:7:      layout_cave_pools, mainiacjoe_overflow_six_doors_small,
          kennysheep_mini_moat, minmay_temple_entry_tees
D:8:      layout_gridville, gammafunk_ghost_arena, uniq_maggie
D:9:      layout_cave_pools, overflow_temple_1_default, kiku_gazebo_pond_becter,
          lair_entry_dummy, minmay_orc_entry_temple_small,
          minmay_misc_feat_enclosed, uniq_erica, uniq_pikel
D:10:     layout_basic, enter_bailey_4, serial_undead, serial_undead_f,
          serial_undead_c, serial_undead_c, serial_undead_e
D:11:     layout_stronghold
D:12:     layout_loops_cross, guppyfry_shop_earth, uniq_nessos
D:13:     layout_basic, david_vaults_2, nicolae_qazlal_style_of_elements,
          uniq_snorg
D:14:     layout_gridville, serial_shops, shop,
          nicolae_shop_tiny_real_fake_doors, nicolae_shop_mannequins, shop,
          kennysheep_nondescript, nicolae_specific_store, nrook_campfire
D:15:     hangedman_depths_entry_try_elsewhere_first, layout_basic,
          xom_teletrap_fun
Temple:   eino_temple_lava
Lair:1:   beast_lair_carwin_large_3, layout_concentric_octagons,
          serial_bayou_ford_a, amcnicky_altar_lugonu_corruption, uniq_harold
Lair:2:   layout_regular_city, chequers_serial_rivers_micro_e,
          chequers_serial_rivers_large_b, uniq_prince_ribbit2
Lair:3:   layout_regular_city, minmay_shoals_entry_centaurs,
          guppyfry_snake_entry_island, ebering_ghost_xom
Lair:4:   layout_hall_layers, st_stairs_6, grunt_megastairs_1
Lair:5:   hangedman_lair_tendril_chambers, layout_layer_cave, slime_entry_1,
          minivault_24, chequers_serial_rivers_micro_c,
          chequers_serial_rivers_micro_e
Shoals:1: layout_shoals
Shoals:2: layout_shoals, ebering_ghost_rock_garden, uniq_mlioglotl
Shoals:3: layout_shoals
Shoals:4: shoals_end_grunt_garden, layout_shoals, nicolae_shoals_shepherds,
          uniq_polyphemus, uniq_nikola
Snake:1:  nrook_guardian_serpent_snake_passage, layout_cave_shapes,
          serial_shops, shop, nicolae_shop_getting_attention, lemuel_fruit_tree,
          minmay_shoptagon, serial_bayou_shore_a, uniq_agnes, uniq_jorgrun,
          uniq_donald, uniq_aizul
Snake:2:  layout_misc_corridors, nicolae_snake_salamander_jacuzzi, uniq_frances
Snake:3:  layout_chambers, serial_shops, shop, shop,
          nicolae_shop_real_fake_doors, shop, grunt_megastairs_2, uniq_louise
Snake:4:  snake_pit_salamanders_mu, layout_cave_town, serial_shops,
          nicolae_shop_tiny_statue_garden
Slime:1:  layout_caves, special_room [special_room_jelly]
Slime:2:  layout_caves
Slime:3:  layout_caves
Slime:4:  layout_caves
Slime:5
Orc:1:    layout_diamond_mine, basic_altar
Vaults:1: portal_desolation_entry_twin_temple, v_misc_11, v_misc_32,
          vaults_dpeg_cross, ontoclasm_vaults_fault, nicolae_vaults_octothorpe,
          nicolae_vaults_apartment_1, v_rooms_1, nicolae_vaults_what_the_h,
          nicolae_vaults_little_squares_3, nicolae_vaults_network_square,
          nicolae_vaults_prndl, v_misc_4, vaults_dpeg_emergency_exit,
          layout_vaults_maze, uniq_asterion
Vaults:2: ontoclasm_vaults_misaligned, st_octagons_1,
          nicolae_vaults_trapezoid_lopsided_1,
          nicolae_vaults_trapezoid_lopsided_3, minmay_crypt_entry_simple_round,
          ontoclasm_vaults_ring_small, nicolae_vaults_network_star,
          nicolae_vaults_double_plus_1, v_misc_18, layout_vaults_omnicross,
          serial_shops, shop
Vaults:3: mu_enter_wizlab_3, ontoclasm_vaults_claustrophobia, v_misc_16,
          nicolae_vaults_closet_pinwheel_4, v_rooms_2, vaults_mumra_lcd,
          nicolae_vaults_tangram_2, grunt_vaults_funnel, v_misc_17,
          nicolae_vaults_windows_and_doors_thing,
          nicolae_vaults_frosty_reception,
          nicolae_vaults_taking_the_gang_shopping, nicolae_vaults_theta,
          nicolae_vaults_house_1, layout_vaults_ring, serial_shops, shop,
          uniq_saint_roka, uniq_margery
Vaults:4: hangedman_vaults_stagger, hangedman_vaults_stretched_pinwheel,
          ontoclasm_vaults_ring_large, nicolae_vaults_specimen_jars,
          vaults_room_hallway, vaults_standard_mumra_x,
          nicolae_vaults_three_branches, nicolae_vaults_double_plus_1,
          ontoclasm_vaults_ligature, hangedman_vaults_trim,
          nicolae_vaults_little_ls, layout_vaults_big_room, serial_shops,
          bzr_entry_customers
Vaults:5
Depths:1: layout_basic, muffindrake_ghost_three_little_ghosts,
          abyss_entry_glasseish, hell_entry, nicolae_hepliaklqana_hippocampus,
          st_stairs_8, minmay_hollow_rounded_squares, grunt_megastairs_3
Depths:2: mu_elephants_graveyard, layout_honeycomb, enter_ziggurat_a,
          pf_dread_powers_of_hell, rand_demon_pan_entry_5,
          nicolae_gozag_seed_capital
Depths:3: evilmike_negative_zone, layout_cave_shapes, abyss_entry_flame_altar,
          grunt_hell_horde, rand_demon_pan_entry_4,
          nicolae_concentric_dashed_squares_wild, st_stairs_1
Depths:4: evilmike_zot_entry_basic, layout_basic, serial_shops, shop,
          grunt_hell_entry_dis_old
Pan:      evilmike_mini_pan_doors_b, layout_grid_shapes, gammafunk_the_bubble
          [the_bubble_gammafunk_crates], layout_grid_shapes,
          nicolae_pan_gloorx_vloqian_1, evilmike_mini_pan_possible_glass,
          layout_cellular_growth, uniq_mennas_pan, pan_blood_fountain_small,
          pan_captured_pigsty, nicolae_pan_sigil_uleosi, reaverb_pan_chaos_star,
          evilmike_mini_pan_doors_b, layout_gridlike, rand_demon_8,
          layout_basic, uniq_ignacio, cerebov_st, layout_long_grid,
          grunt_pan_sceptre, layout_long_grid, evilmike_mini_pan_thingy,
          layout_stronghold, pan_blood_fountain, mnoleg_st,
          layout_pan_divisions_b [pan_division_quadrant_b6,
          pan_division_quadrant_b4, pan_division_quadrant_b6,
          pan_division_quadrant_b4], evilmike_mini_pan_doors, layout_rooms,
          uniq_ignacio, gloorx_vloq_grunt_torture_chamber, layout_rooms,
          pan_blood_fountain_small, rand_demon_2, layout_chambers, rand_demon_2,
          layout_grid_shapes, rand_demon_7, layout_pan_divisions_b
          [pan_division_quadrant_b6, pan_division_quadrant_b2,
          pan_division_quadrant_b6, pan_division_quadrant_b1], grunt_pan_zigzag,
          layout_gridville, pan_blood_fountain, lom_lobon_st,
          layout_grid_shapes, uniq_ignacio, nicolae_pan_cerebovesque_1,
          nicolae_pan_diamonds, layout_long_grid, evilmike_holy_pan

Skill      XL: |  1  2  3  4  5  6  7  8  9 10 11 12 13 14 15 16 17 18 19 20 21 22 23 24 25 26 |
---------------+-------------------------------------------------------------------------------+-----
Earth Magic    | 4 5 6 7 8 9 11 13 14 18 21 | 21.6
Spellcasting   | 3 4 5 6 8 10 11 13 14 15 | 15.5
Conjurations   | 1 3 4 5 6 7 8 9 10 11 13 15 16 18 19 21 22 | 22.0
Transmutations | 2 4 5 6 8 11 12 | 12.7
Armour         | 3 4 5 6 8 9 10 | 10.3
Invocations    | 5 6 7 9 11 | 11.6
Air Magic      | 4 6 8 13 16 18 20 21 22 | 22.4
Poison Magic   | 3 4 |  4.2
Necromancy     | 8 11 14 | 14.2
Fighting       | 2 5 6 7 |  7.5
Polearms       | 1 5 6 7 9 |  9.2
Shields        | 4 6 7 9 12 14 15 | 15.0
Translocations | 3 4 7 |  7.5
Dodging        | |  2.4
Stealth        | |  1.4

Action                     |  1- 3 |  4- 6 |  7- 9 | 10-12 | 13-15 | 16-18 | 19-21 | 22-24 | 25-27 || total
---------------------------+-------+-------+-------+-------+-------+-------+-------+-------+-------++-------
  Melee: Staff             |       |       |     1 |     2 |       |       |       |       |     2 ||     5
         Spear             |       |       |       |       |     4 |       |     6 |       |       ||    10
         Demon trident     |       |       |       |       |       |    47 |    54 |    67 |    48 ||   216
         Punch             |       |       |       |       |       |       |     1 |       |     1 ||     2
         Kick              |       |       |       |       |       |       |       |       |    18 ||    18
  Throw: Boomerang         |       |       |       |       |       |       |       |       |     2 ||     2
   Cast: Sandblast         |    43 |    30 |    54 |   111 |    48 |    13 |    13 |    27 |     1 ||   340
         Passwall          |     3 |     6 |     7 |     6 |     8 |    10 |    14 |    43 |    11 ||   108
         Stone Arrow       |     1 |    12 |    55 |    95 |   110 |    46 |     5 |       |       ||   324
         Mephitic Cloud    |       |       |       |     3 |       |       |       |       |       ||     3
         Borgnjor's Vile C |       |       |       |    10 |    87 |   155 |   165 |    76 |    79 ||   572
         Animate Dead      |       |       |       |     2 |    22 |    26 |    19 |    17 |    10 ||    96
         Blink             |       |       |       |       |     1 |     5 |       |     3 |       ||     9
         Iron Shot         |       |       |       |       |       |    81 |   125 |   441 |    48 ||   695
         Conjure Ball Ligh |       |       |       |       |       |     3 |    12 |       |       ||    15
         Statue Form       |       |       |       |       |       |       |     1 |    10 |     8 ||    19
         Chain Lightning   |       |       |       |       |       |       |     1 |       |       ||     1
         Freezing Cloud    |       |       |       |       |       |       |    16 |    27 |    10 ||    53
         Passage of Golubr |       |       |       |       |       |       |     1 |    73 |    68 ||   142
         Maxwell's Capacit |       |       |       |       |       |       |     1 |     3 |    19 ||    23
         Apportation       |       |       |       |       |       |       |       |    33 |    20 ||    53
         Lehudib's Crystal |       |       |       |       |       |       |       |       |   155 ||   155
 Invoke: Channel Magic     |       |       |       |       |     1 |     6 |     4 |     3 |     3 ||    17
         Divine Exegesis   |       |       |       |       |       |       |     1 |       |       ||     1
Ability: End Transformatio |       |       |       |       |       |       |     1 |       |       ||     1
  Evoke: Wand              |       |       |       |     1 |     5 |       |     6 |     1 |     1 ||    14
         Phial of floods   |       |       |       |       |       |     1 |     1 |       |       ||     2
         Phantom mirror    |       |       |       |       |       |       |     1 |       |       ||     1
    Use: Scroll            |     6 |       |     9 |     2 |     8 |     6 |     7 |     4 |     4 ||    46
         Potion            |       |       |     2 |       |     3 |     2 |     5 |     3 |     3 ||    18
   Stab: Distracted        |       |       |       |       |       |     3 |     2 |     4 |       ||     9
 Armour: Robe              |     1 |     5 |       |       |       |       |       |       |       ||     6
         Ring mail         |       |       |    20 |    90 |    81 |   105 |    82 |   136 |   102 ||   616
         Skin              |       |       |       |       |       |       |     9 |    56 |   241 ||   306
  Dodge: Dodged            |     3 |    11 |    59 |   168 |    84 |   134 |   132 |   197 |   253 ||  1041
  Block: Kite shield       |       |       |       |       |       |    23 |       |   168 |    41 ||   232
         Reflection        |       |       |       |       |       |       |       |     8 |       ||     8
